 Dungeon Crawl Stone Soup version 0.21.1-1-g345015f (webtiles) character file.

300 prawnwizard the Chopper (level 6, -5/82 HPs)
             Began as a Minotaur Berserker on July 14, 2018.
             Was a Believer of Trog.
             Slain by an ogre
             ... wielding a +0 giant spiked club
              (9 damage)
             ... on level 4 of the Dungeon.
             The game lasted 00:02:46 (1659 turns).

prawnwizard the Chopper (Minotaur Berserker)        Turns: 1659, Time: 00:02:47

Health: -5/82      AC:  5    Str: 29    XL:     6   Next: 13%
Magic:  5/5        EV: 12    Int:  4    God:    Trog [**....]
Gold:   147        SH:  0    Dex:  9    Spells: 5/5 levels left

rFire    + . .     SeeInvis .   a - +0 hand axe
rCold    x . .     Gourm    .   (no shield)
rNeg     . . .     Faith    .   d - +0 ring mail
rPois    .         Spirit   .   (helmet restricted)
rElec    .         Reflect  .   o - scarf {cloud immunity}
rCorr    .         Harm     .   (no gloves)
MR       .....                  (no boots)
Stlth    ..........             (no amulet)
HPRegen  0.23/turn              q - ring of fire
MPRegen  0.09/turn              (no ring)

@: berserking (expiring), very quick
A: retaliatory headbutt, horns 2
a: Berserk, Trog's Hand, Burn Spellbooks, Renounce Religion


You were on level 4 of the Dungeon.
You worshipped Trog.
Trog was pleased with you.
You were very hungry.

You visited 1 branch of the dungeon, and saw 4 of its levels.

You collected 147 gold pieces.

Inventory:

Hand Weapons
 a - a +0 hand axe (weapon)
Armour
 b - a +0 animal skin
 d - a +0 ring mail (worn)
 o - a scarf of cloud immunity (worn)
Jewellery
 e - an uncursed ring of see invisible {unknown}
 q - a ring of fire (left hand)
Wands
 s - a wand of acid (11)
 t - a wand of polymorph (7)
Scrolls
 i - 2 scrolls of remove curse
 j - a scroll of blinking {unknown}
 k - a scroll of immolation {unknown}
 m - 6 scrolls of identify {unknown}
 p - 4 scrolls of teleportation {unknown}
 r - a scroll of magic mapping {unknown}
 u - 3 scrolls of fog {unknown}
Potions
 g - a potion of curing {unknown}
 h - a potion of heal wounds {unknown}
 l - a potion of agility {unknown}
 n - a potion of mutation {unknown}
 v - a potion of ambrosia {unknown}
Comestibles
 c - 5 rations
 f - 4 chunks of flesh


   Skills:
 + Level 4.9 Fighting
 * Level 6.0 Axes
 + Level 4.0 Armour
 + Level 3.6 Dodging


You had 5 spell levels left.
You didn't know any spells.

Dungeon Overview and Level Annotations

Branches:
Dungeon (4/15)
 Temple: D:4-7

Altars:


Innate Abilities, Weirdness & Mutations

You reflexively headbutt those who attack you in melee.
You have a pair of horns on your head.


Message History

Something barely misses you.
You miss something. You hit the orc. Something hits you.
The orc barely misses you. You furiously retaliate!
You headbutt the orc!
You kill the orc!
Trog accepts your kill.
You miss something. You barely miss the ogre.
Something hits you but does no damage.
The ogre hits you with a giant spiked club!!
* * * LOW HITPOINT WARNING * * *
You hit something. Your headbutt misses something. You slash the ogre!
Something hits you but does no damage.
The orc throws a stone.
The stone barely misses you.
You hit something. Trog accepts your kill.
Trog appreciates your killing of a magic user.
Reactivating autopickup.
Your Axes skill increases to level 6!
Your Armour skill increases to level 4!
You feel a bit more experienced.
You hit the ogre.
The ogre hits you with a giant spiked club!
You die...

.##.####..#####
.#............#
.#........##.#.#
.####...#.##
#....##
#.#####..#)##
#...........#
.#####O.###.#
......o)@# ...
#.....##.[......
...##.
####.##### .. #
#


You could see an ogre and an orc.

Vanquished Creatures
  An ogre (D:4)
  The ghost of KappaVara the Gusty, an amateur DgAE (D:3)
  2 orc wizards (D:4)
  An adder (D:2)
  5 dart slugs
  7 orcs
  4 goblins
  5 hobgoblins
  2 jackals (D:1)
  5 kobolds (D:1)
  3 quokkas (D:3)
  2 ball pythons
  9 bats
  7 frilled lizards
  8 rats
62 creatures vanquished.

Notes
Turn   | Place    | Note
-------+----------+-------------------------------------------
     0 | D:1      | prawnwizard the Minotaur Berserker began the quest for the Orb.
     0 | D:1      | Reached XP level 1. HP: 19/19 MP: 0/0
   109 | D:1      | Reached XP level 2. HP: 19/27 MP: 1/1
   137 | D:1      | Reached skill level 4 in Axes
   688 | D:1      | You fall through a shaft!
   743 | D:2      | Reached XP level 3. HP: 33/33 MP: 2/2
   963 | D:2      | Reached ** piety under Trog
  1438 | D:3      | Noticed KappaVara's ghost (amateur DgAE)
  1445 | D:3      | Killed KappaVara's ghost
  1445 | D:3      | Reached skill level 5 in Axes
  1445 | D:3      | Reached XP level 4. HP: 39/41 MP: 3/3
  1445 | D:3      | Reached XP level 5. HP: 44/47 MP: 4/4
  1634 | D:4      | Noticed an ogre
  1636 | D:4      | Killed an ogre
  1648 | D:4      | Noticed an ogre
  1653 | D:4      | Reached XP level 6. HP: 25/55 MP: 5/5
  1657 | D:4      | HP: 3/82 [ogre/giant spiked club (31)]
  1659 | D:4      | Reached skill level 6 in Axes
  1659 | D:4      | Slain by an ogre

Skill      XL: |  1  2  3  4  5  6 |
---------------+-------------------+-----
Axes           | 4 5 6 |  6.0
Fighting       | 4 |  4.9
Armour         | 3 4 |  4.0
Dodging        | 3 |  3.6

Action                   |  1- 3 |  4- 6 || total
-------------------------+-------+-------++-------
Melee: Hand axe          |    98 |    28 ||   126
       Headbutt          |    11 |     3 ||    14
Invok: Berserk           |       |     1 ||     1
  Use: Scroll            |     2 |       ||     2
  Eat: Chunk             |     2 |       ||     2
Armor: Ring mail         |    34 |    13 ||    47
Dodge: Dodged            |    80 |    18 ||    98
